[Event "Wednesday Night Engine Tour 13 Rd Swiss 3m+1s Starts at 2200hrs ST"]
[Site "Infinity Chess"]
[Date "2018.1.10"]
[Round "1"]
[White "MarioDeMonti"]
[Black "RonWeasley"]
[Result "1/2-1/2"]
[ECO "C11"]
[WhiteElo "2507"]
[BlackElo "2476"]
[WhiteEngine "stockfish_x64_bmi2_2017_12_26_CTG"]
[BlackEngine "BrainFish 060118_CTG"]
[EventType "Swiss"]
[WhiteTeam ""]
[BlackTeam ""]
[PlyCount "96"]
[TimeControl "180+1"]

1. e4 e6 2. d4 d5 3. Nc3 Nf6 4. e5 Nfd7 5. f4 c5 6. Nf3 Nc6 7. Be3 cxd4 
8. Nxd4 Qb6 9. a3 Bc5 10. Ncb5 a6 11. Nxc6 axb5 12. Bxc5 Nxc5 13. Nd4 O-O 
14. Be2 b4 15. axb4 Rxa1 16. Qxa1 Nd3+ 17. Bxd3 Qxd4 18. g3 Qxb4+ 19. Ke2 Bd7 
20. Qa3 Qxa3 21. bxa3 Ra8 22. Ra1 h6 23. c4 dxc4 24. Bxc4 g5 25. Ke3 Kf8 
26. Bd3 Bc6 27. Bc2 Ra5 28. Bb3 gxf4+ 29. gxf4 Bd5 30. Bxd5 Rxd5 31. Kf3 h5 
32. Rb1 Rd3+ 33. Ke4 Rxa3 34. Rxb7 Ra2 35. Ke3 Rxh2 36. f5 exf5 37. Kf4 h4 
38. Kxf5 h3 39. e6 Rf2+ 40. Kg4 h2 41. e7+ Kg7 42. e8=Q h1=Q 43. Qe5+ Kg6 
44. Qg5+ Kh7 45. Qh5+ Qxh5+ 46. Kxh5 Rf5+ 47. Kg4 Rf6 48. Rb1 Rf2 1/2-1/2

[Event "Wednesday Night Engine Tour 13 Rd Swiss 3m+1s Starts at 2200hrs ST"]
[Site "Infinity Chess"]
[Date "2018.1.10"]
[Round "1"]
[White "ocirema"]
[Black "MGR"]
[Result "1-0"]
[ECO "B12"]
[WhiteElo "2479"]
[BlackElo "2522"]
[WhiteEngine "stockfish_18010422_x64_modern_CTG"]
[BlackEngine "asmFishW_2017-11-19_bmi2"]
[EventType "Swiss"]
[WhiteTeam ""]
[BlackTeam ""]
[PlyCount "124"]
[TimeControl "180+1"]

1. e4 c6 2. d4 Na6 3. Nc3 Nc7 4. Be3 d5 5. e5 e6 6. Nce2 c5 7. c3 c4 8. a4 Bd7 
9. Nf3 b5 10. axb5 Nxb5 11. Ng3 a5 12. Be2 Ne7 13. O-O Nf5 14. Nxf5 exf5 
15. Nd2 Qc8 16. Bf3 Bc6 17. Kh1 Be7 18. g4 fxg4 19. Bxg4 Bd7 20. Rg1 Bxg4 
21. Rxg4 g6 22. Bh6 Qe6 23. Rg3 Nc7 24. Nf3 Qb6 25. Ng5 Bxg5 26. Rxg5 Qe6 
27. Rg4 Qd7 28. Rf4 Ra6 29. Qf3 Ne6 30. Rf6 Qb7 31. Qe2 Kd8 32. Qf3 Ke8 
33. Rg1 a4 34. Rf1 Rg8 35. Qg4 Nd8 36. Re1 Re6 37. f4 Qe7 38. Bg5 Qb7 
39. Bh4 Rf8 40. Qd1 Qc6 41. f5 gxf5 42. Rxf5 Rg6 43. Bxd8 Kxd8 44. Qf3 f6 
45. e6 Kc7 46. Rh5 Rh8 47. Qf5 Qd6 48. Qxd5 Qxd5+ 49. Rxd5 Rg5 50. Rd7+ Kc6 
51. Ra7 Re8 52. Rxa4 Kd6 53. Ra6+ Ke7 54. Ra7+ Kd6 55. Rd7+ Kc6 56. Rxh7 Rf5 
57. Re2 Rg5 58. Rf7 Rf5 59. h3 Rh8 60. e7 Re8 61. Rh7 Kd6 62. h4 Kd7 1-0

[Event "Wednesday Night Engine Tour 13 Rd Swiss 3m+1s Starts at 2200hrs ST"]
[Site "Infinity Chess"]
[Date "2018.1.10"]
[Round "1"]
[White "SkyPilot"]
[Black "KillBill2017"]
[Result "1-0"]
[ECO "B90"]
[WhiteElo "2549"]
[BlackElo "2481"]
[WhiteEngine "stockfish_x64_bmi2_2018_01_01_CTG"]
[BlackEngine "Raubfisch X37b1._CTG"]
[EventType "Swiss"]
[WhiteTeam ""]
[BlackTeam ""]
[PlyCount "173"]
[TimeControl "180+1"]

1. e4 c5 2. Nf3 d6 3. d4 cxd4 4. Nxd4 Nf6 5. Nc3 a6 6. Be3 e5 7. Nb3 Be6 
8. f3 h5 9. Qd2 Nbd7 10. Nd5 Bxd5 11. exd5 g6 12. O-O-O Nb6 13. Qa5 Bh6 
14. Bxh6 Rxh6 15. Qd2 Rh8 16. Na5 Qc7 17. c4 Kf8 18. Kb1 Kg7 19. Bd3 Rae8 
20. Rhe1 h4 21. Rc1 Nbd7 22. Bc2 Rc8 23. a3 Rh5 24. Ka2 Re8 25. Kb1 Rb8 
26. b4 Rc8 27. Rf1 Nb8 28. Ba4 Nbd7 29. Ka2 Rch8 30. Bc2 b6 31. Nc6 Nb8 
32. Ba4 Re8 33. f4 Nxc6 34. dxc6 Rc8 35. Qb2 Qe7 36. b5 axb5 37. cxb5 e4 
38. g4 hxg3 39. hxg3 Qe6+ 40. Bb3 Rxb5 41. Bxe6 Rxb2+ 42. Kxb2 fxe6 43. c7 b5 
44. Rc6 Ne8 45. Rfc1 Kf6 46. Kc3 Ke7 47. Kd4 Nf6 48. R6c2 Kd7 49. Rb1 Nh5 
50. Rxb5 Nxg3 51. Rb8 Rxc7 52. Rxc7+ Kxc7 53. Rg8 Ne2+ 54. Kxe4 Nc3+ 55. Kf3 Na4 
56. Rxg6 Kd7 57. f5 exf5 58. Kf4 Kc6 59. Kxf5 Kc5 60. Rg4 Nc3 61. Rg8 d5 
62. Ke5 Kc4 63. Rb8 Ne4 64. Rb4+ Kc5 65. Kf4 Nc3 66. Ke3 Nb5 67. Ra4 Kb6 
68. Kd2 Kc6 69. Kc1 Nd6 70. Rb4 Kc5 71. Rb8 Nb5 72. a4 Nc7 73. a5 Kc6 
74. Kd2 Kc5 75. Kd3 Kc6 76. Kd4 Nb5+ 77. Ke5 Kc5 78. a6 Na7 79. Rb7 Nc6+ 
80. Kf4 Nd4 81. a7 Ne6+ 82. Kf5 Nd4+ 83. Kf6 Nc2 84. a8=Q Kd4 85. Rb3 Kc4 
86. Qa4+ Nb4 87. Qxb4# 1-0

[Event "Wednesday Night Engine Tour 13 Rd Swiss 3m+1s Starts at 2200hrs ST"]
[Site "Infinity Chess"]
[Date "2018.1.10"]
[Round "1"]
[White "Cepri"]
[Black "BlitzMaster"]
[Result "1/2-1/2"]
[ECO "C55"]
[WhiteElo "2482"]
[BlackElo "2559"]
[WhiteEngine "Raubfisch X37b_CTG"]
[BlackEngine "stockfish_18010422_x64_modern_CTG"]
[EventType "Swiss"]
[WhiteTeam ""]
[BlackTeam ""]
[PlyCount "71"]
[TimeControl "180+1"]

1. e4 e5 2. Nf3 Nc6 3. Bc4 Nf6 4. d3 Bc5 5. c3 O-O 6. O-O d6 7. Nbd2 a6 
8. a4 Ba7 9. h3 h6 10. Re1 Re8 11. b4 Be6 12. Bxe6 Rxe6 13. Qc2 Qd7 14. Nf1 d5 
15. Be3 Bxe3 16. Nxe3 Rae8 17. b5 Ne7 18. Rab1 Ng6 19. c4 d4 20. Nf5 Ra8 
21. g3 Qe8 22. c5 axb5 23. axb5 Ra3 24. Rb3 Ra8 25. Kg2 Nd7 26. Nd2 Rf6 
27. Rb2 Ra3 28. Nb1 Ra8 29. Rc1 Kh7 30. Nd2 Ra3 31. Rb3 Ra8 32. Qb2 Ne7 
33. Nh4 Ng6 34. Nf5 Ne7 35. Nh4 Ng6 36. Nf5 1/2-1/2

[Event "Wednesday Night Engine Tour 13 Rd Swiss 3m+1s Starts at 2200hrs ST"]
[Site "Infinity Chess"]
[Date "2018.1.10"]
[Round "1"]
[White "Victorious"]
[Black "incredible"]
[Result "0-1"]
[ECO "A06"]
[WhiteElo "2574"]
[BlackElo "2482"]
[WhiteEngine "Houdini 6"]
[BlackEngine "stockfish_18010422_x64_bmi2"]
[EventType "Swiss"]
[WhiteTeam ""]
[BlackTeam ""]
[PlyCount "164"]
[TimeControl "180+1"]

1. Nf3 d5 2. d4 Nf6 3. e3 e6 4. Bd3 c5 5. b3 Nc6 6. Bb2 cxd4 7. exd4 Bd6 
8. a3 O-O 9. O-O a6 10. Nbd2 b6 11. Re1 Bb7 12. Qe2 a5 13. g3 Rc8 14. c3 Ne7 
15. a4 Nf5 16. Ne5 Re8 17. Rad1 Bf8 18. Rc1 g6 19. f3 Nd6 20. Ba3 Nh5 
21. Qg2 Rc7 22. Nf1 Ng7 23. Qb2 Ngf5 24. f4 h5 25. Rc2 Qc8 26. Nd2 Ba6 
27. c4 Qb7 28. Rcc1 Rec8 29. Bf1 Qa7 30. Bd3 Bg7 31. Bxd6 Nxd6 32. Qa2 Qa8 
33. Kf2 Nf5 34. Ndf3 Bb7 35. Bxf5 exf5 36. Qe2 dxc4 37. bxc4 Bf8 38. Red1 Re8 
39. Qb2 f6 40. Qxb6 fxe5 41. Nxe5 Rg7 42. d5 Rb8 43. Qe6+ Kh7 44. Nd7 Ba3 
45. Nxb8 Bxc1 46. Nd7 Bb2 47. Rd2 Ba1 48. Qd6 Qc8 49. Nf8+ Kh6 50. Ne6 Rf7 
51. Ng5 Rc7 52. Qe6 Rxc4 53. Nf7+ Kg7 54. Nd6 Qxe6 55. dxe6 Rd4 56. Ke3 Rxd2 
57. Kxd2 Bc6 58. e7 Bxa4 59. Kd3 Kf6 60. e8=Q Bxe8 61. Nxe8+ Ke7 62. Nc7 Kd6 
63. Na6 a4 64. Kc4 a3 65. Nb4 Bf6 66. Na2 Ke6 67. Nb4 Be7 68. Nc2 a2 69. Kb3 Bc5 
70. Kxa2 Bg1 71. h3 Bf2 72. Kb2 Bxg3 73. Kc3 Bxf4 74. Nd4+ Kf6 75. Kd3 g5 
76. h4 g4 77. Ne2 Bg5 78. Kd4 Bxh4 79. Nf4 g3 80. Nh3 Bg5 81. Kd3 g2 82. Ke2 Ke5 
0-1

[Event "Wednesday Night Engine Tour 13 Rd Swiss 3m+1s Starts at 2200hrs ST"]
[Site "Infinity Chess"]
[Date "2018.1.10"]
[Round "1"]
[White "MiKachomiKa QueeN"]
[Black "KRAKEN"]
[Result "1/2-1/2"]
[ECO "C50"]
[WhiteElo "2485"]
[BlackElo "2579"]
[WhiteEngine "stockfish_18010422_x64_modern_CTG"]
[BlackEngine "Raubfisch X37b1._zag_CTG"]
[EventType "Swiss"]
[WhiteTeam ""]
[BlackTeam ""]
[PlyCount "97"]
[TimeControl "180+1"]

1. e4 e5 2. Nf3 Nc6 3. Bc4 Bc5 4. d3 Nf6 5. c3 O-O 6. O-O d6 7. Nbd2 a6 
8. Bb3 Ba7 9. h3 h6 10. Re1 Re8 11. Nf1 Be6 12. Bxe6 Rxe6 13. Qc2 d5 
14. Be3 Bxe3 15. Nxe3 Qd7 16. Rad1 Rae8 17. Qb3 Na5 18. Qb4 b6 19. Qa3 dxe4 
20. dxe4 Qc6 21. Nd5 Rd6 22. Nb4 Qb5 23. Rxd6 cxd6 24. b3 Qc5 25. Qa4 Ra8 
26. Re3 Qc8 27. Nd5 Nxd5 28. exd5 Nb7 29. Qh4 Nc5 30. Nd2 b5 31. f4 Nd7 
32. Ne4 Qd8 33. Qxd8+ Rxd8 34. fxe5 Nxe5 35. Kf2 Kf8 36. Re2 Ke7 37. g4 a5 
38. Ke3 a4 39. bxa4 bxa4 40. Kd4 Nf3+ 41. Kd3 Rb8 42. Nd2+ Ne5+ 43. Kc2 a3 
44. Nc4 Kd7 45. Nxa3 Ra8 46. Kb3 Rb8+ 47. Kc2 Ra8 48. Kb3 Rb8+ 49. Kc2 1/2-1/2

[Event "Wednesday Night Engine Tour 13 Rd Swiss 3m+1s Starts at 2200hrs ST"]
[Site "Infinity Chess"]
[Date "2018.1.10"]
[Round "1"]
[White "xeonrocks"]
[Black "CrossingJordan"]
[Result "1-0"]
[ECO "C58"]
[WhiteElo "2585"]
[BlackElo "2493"]
[WhiteEngine "asmFishW_CTG"]
[BlackEngine "asmFishW_2017-12-20_bmi2_CTG"]
[EventType "Swiss"]
[WhiteTeam ""]
[BlackTeam ""]
[PlyCount "189"]
[TimeControl "180+1"]

1. e4 e5 2. Nf3 Nc6 3. Bc4 Nf6 4. Ng5 d5 5. exd5 Na5 6. Bb5+ c6 7. dxc6 bxc6 
8. Be2 h6 9. Nh3 Qc7 10. O-O Bc5 11. Kh1 O-O 12. d3 Nb7 13. Nc3 Rd8 14. Qe1 Re8 
15. Ne4 Nxe4 16. dxe4 Nd6 17. f3 Bxh3 18. gxh3 a5 19. a4 Re6 20. h4 Bd4 
21. Rb1 Ne8 22. Bc4 Rf6 23. h5 Nd6 24. Be2 Qc8 25. Qg3 Qe6 26. b3 Kh7 27. Bd2 g6 
28. Qg4 gxh5 29. Qxe6 Rxe6 30. Rbd1 Rg6 31. Be1 Kh8 32. Bd3 Kg7 33. c3 Be3 
34. Bg3 Re6 35. Rfe1 Bc5 36. Re2 Rae8 37. Rb1 Bb6 38. b4 Kf8 39. Rf1 Rd8 
40. f4 Nb5 41. f5 Ree8 42. Bxb5 cxb5 43. bxa5 Bxa5 44. axb5 Bxc3 45. Rc2 Bd4 
46. Rc6 Rb8 47. Rb1 Rb7 48. Rxh6 Kg7 49. Rc6 Kf8 50. Bh4 Reb8 51. Rh6 Kg7 
52. Rd6 Kf8 53. Bf6 Rb6 54. Rd8+ Rxd8 55. Bxd8 Rb7 56. b6 Ke8 57. Bc7 Kf8 
58. Kg2 Kg8 59. Kg3 Kh7 60. Bd8 Be3 61. Kh4 Kh6 62. Rb2 Rb8 63. Bc7 Rb7 
64. Bxe5 Bc1 65. Rb3 Bg5+ 66. Kg3 Bd8 67. Bd4 h4+ 68. Kg4 Kh7 69. Rb2 f6 
70. Kxh4 Kg8 71. Kh5 Rh7+ 72. Kg4 Rb7 73. h4 Kf7 74. h5 Re7 75. Kf3 Rb7 
76. h6 Kg8 77. Ra2 Bxb6 78. Ra8+ Kh7 79. Bxf6 Kxh6 80. Rh8+ Rh7 81. Rxh7+ Kxh7 
82. e5 Bd4 83. Ke4 Ba1 84. Be7 Bc3 85. e6 Kg7 86. Kd5 Kh6 87. Bf8+ Kg5 
88. e7 Bf6 89. e8=Q Kf4 90. Qe2 Kg5 91. Qg2+ Kf4 92. Bh6+ Bg5 93. Bxg5+ Kxf5 
94. Bh4 Kf4 95. Qe4# 1-0

[Event "Wednesday Night Engine Tour 13 rd Swiss 3m+1s Starts at 2200hrs ST"]
[Site "Infinity Chess"]
[Date "2018.1.18"]
[Round "13"]
[White "denochss"]
[Black "ocirema"]
[Result "1/2-1/2"]
[ECO "C77"]
[WhiteElo "2350"]
[BlackElo "2490"]
[WhiteEngine "BrainFish_171111_x64_bmi2"]
[BlackEngine "stockfish_18011309_x64_modern_CTG"]
[EventType "Swiss"]
[WhiteTeam ""]
[BlackTeam ""]
[PlyCount "125"]
[TimeControl "180+1"]

1. e4 e5 2. Nf3 Nc6 3. Bb5 a6 4. Ba4 Nf6 5. O-O Be7 6. Re1 b5 7. Bb3 O-O 
8. c3 d5 9. exd5 Nxd5 10. Nxe5 Nxe5 11. Rxe5 c6 12. d4 Bd6 13. Re1 Qh4 
14. g3 Qh3 15. Be3 Bg4 16. Qd3 Rae8 17. Nd2 Re6 18. a4 Qh5 19. axb5 axb5 
20. Nf1 Bf5 21. Qd2 Bh3 22. Bd1 Qg6 23. Bf3 Qf5 24. Qd1 h5 25. Ra6 Bb8 
26. Be2 Qe4 27. Bf3 Qf5 28. Bh1 h4 29. Bd2 Rf6 30. Qe2 Re6 31. Qf3 Rxe1 
32. Bxe1 Bf4 33. Bg2 Bg4 34. Qe4 Qc8 35. Ra1 Re8 36. Qc2 Bf5 37. Qb3 Bd3 
38. Qd1 Be2 39. Qc2 h3 40. Be4 Qg4 41. Bf5 Qh5 42. gxf4 Qf3 43. Qe4 Qxe4 
44. Bxe4 Rxe4 45. Bd2 Bf3 46. Ng3 Re7 47. b3 Rd7 48. f5 b4 49. cxb4 Nc7 
50. Be3 Nb5 51. f6 gxf6 52. Nf5 Kh7 53. Nh4 Bd5 54. f3 Bxb3 55. Nf5 Be6 
56. Ng3 Nxd4 57. Ne4 Kg6 58. Kf2 Nc2 59. Rg1+ Kf5 60. Ng3+ Kg6 61. Ne4+ Kf5 
62. Ng3+ Kg6 63. Ne4+ 1/2-1/2

[Event "Wednesday Night Engine Tour 13 rd Swiss 3m+1s Starts at 2200hrs ST"]
[Site "Infinity Chess"]
[Date "2018.1.18"]
[Round "13"]
[White "Cepri"]
[Black "ludimilojko"]
[Result "1/2-1/2"]
[ECO "C50"]
[WhiteElo "2471"]
[BlackElo "2398"]
[WhiteEngine "asmFishW_12J18Mb_CTG"]
[BlackEngine "CorChess 2.0_x64_CTG"]
[EventType "Swiss"]
[WhiteTeam ""]
[BlackTeam ""]
[PlyCount "84"]
[TimeControl "180+1"]

1. e4 e5 2. Nf3 Nc6 3. Bc4 Bc5 4. d3 Nf6 5. O-O d6 6. c3 O-O 7. h3 a5 8. Nbd2 h6 
9. Re1 Be6 10. b3 Bb6 11. a4 d5 12. Bb5 Ne7 13. exd5 Nfxd5 14. Qc2 c6 
15. Bc4 Ng6 16. d4 Ndf4 17. dxe5 Nh4 18. Bf1 Bd5 19. Re4 Nfg6 20. Bc4 Re8 
21. g3 Nxf3+ 22. Nxf3 Qd7 23. Bxd5 cxd5 24. Rg4 Qc6 25. Nd4 Bxd4 26. Rxd4 Nxe5 
27. Kg2 b5 28. axb5 Qxb5 29. Qd1 Qb7 30. Rxd5 a4 31. f3 axb3 32. Rxa8 Rxa8 
33. Rxe5 b2 34. Bxb2 Qxb2+ 35. Qe2 Qxc3 36. Re8+ Rxe8 37. Qxe8+ Kh7 
38. Qxf7 Qc2+ 39. Kf1 Qd1+ 40. Kg2 Qc2+ 41. Kf1 Qd1+ 42. Kg2 Qc2+ 1/2-1/2

[Event "Wednesday Night Engine Tour 13 rd Swiss 3m+1s Starts at 2200hrs ST"]
[Site "Infinity Chess"]
[Date "2018.1.18"]
[Round "13"]
[White "MGR"]
[Black "OlivierEvan"]
[Result "1/2-1/2"]
[ECO "B12"]
[WhiteElo "2503"]
[BlackElo "2424"]
[WhiteEngine "asmFishW_2017-11-19_bmi2"]
[BlackEngine "stockfish_18011309_x64"]
[EventType "Swiss"]
[WhiteTeam ""]
[BlackTeam ""]
[PlyCount "177"]
[TimeControl "180+1"]

1. e4 c6 2. d4 d5 3. e5 Bf5 4. Nf3 e6 5. Be2 Nd7 6. O-O Ne7 7. c3 h6 8. Nbd2 Qc7 
9. Re1 g5 10. Nf1 Bh7 11. h3 c5 12. b4 c4 13. a4 a5 14. b5 O-O-O 15. N3h2 Kb8 
16. Bh5 Nf5 17. Ng4 Bg6 18. Ng3 Ng7 19. Bxg6 fxg6 20. f4 Be7 21. fxg5 hxg5 
22. Be3 Rdf8 23. Qc2 Nf5 24. Nf1 Qd8 25. Rab1 Ka7 26. Re2 Nb6 27. Rbe1 Qd7 
28. Rf2 Qd8 29. Rf3 Rh7 30. Nfh2 Nd7 31. Qc1 Rh5 32. Re2 Rfh8 33. Bd2 Qc7 
34. Qe1 Qc8 35. Nf6 Bxf6 36. exf6 Nxf6 37. Rxe6 Ne4 38. Rxe4 dxe4 39. Qxe4 Re8 
40. Qd5 Qc7 41. Ng4 Re2 42. Rf2 Rxf2 43. Nxf2 Rh8 44. Bxg5 Re8 45. Ne4 b6 
46. g4 Ng3 47. Nd6 Rf8 48. Kg2 Ne2 49. Qc6 Kb8 50. d5 Nxc3 51. Nxc4 Nxa4 
52. Bh6 Rg8 53. Be3 Qxc6 54. bxc6 b5 55. Na3 b4 56. Nb5 Nc3 57. Bf4+ Kc8 
58. Nd6+ Kb8 59. Nc4+ Ka7 60. d6 Nd5 61. Be5 Ka6 62. d7 Kb5 63. Nxa5 b3 
64. Nb7 Kxc6 65. d8=Q Rxd8 66. Nxd8+ Kd7 67. Nb7 Nf4+ 68. Kf3 Nd3 69. Bc3 b2 
70. Nc5+ Ke7 71. Bxb2 Nxb2 72. Kf4 Kd6 73. Ne4+ Ke7 74. Ke3 Nc4+ 75. Kf4 Nb2 
76. Ke3 Nc4+ 77. Kf3 Ne5+ 78. Ke2 Nc4 79. h4 Ke6 80. g5 Nd6 81. Nf2 Kf5 
82. Kf3 Nc4 83. Ng4 Nd2+ 84. Kg3 Ne4+ 85. Kh3 Kf4 86. Nf6 Nxg5+ 87. hxg5 Kxg5 
88. Nd5 Kh6 89. Nc7 1/2-1/2

[Event "Wednesday Night Engine Tour 13 rd Swiss 3m+1s Starts at 2200hrs ST"]
[Site "Infinity Chess"]
[Date "2018.1.18"]
[Round "13"]
[White "Eman"]
[Black "incredible"]
[Result "1/2-1/2"]
[ECO "B28"]
[WhiteElo "2514"]
[BlackElo "2487"]
[WhiteEngine "Eman SL 1.63 64-bit POPCNT"]
[BlackEngine "Stockfish_x64_bmi2"]
[EventType "Swiss"]
[WhiteTeam ""]
[BlackTeam ""]
[PlyCount "90"]
[TimeControl "180+1"]

1. e4 c5 2. Nf3 a6 3. c4 e6 4. Nc3 Nc6 5. d4 cxd4 6. Nxd4 Bb4 7. Be2 Nf6 
8. Nxc6 dxc6 9. Qxd8+ Kxd8 10. Bf4 Ke7 11. f3 Nd7 12. e5 f5 13. exf6+ gxf6 
14. Rd1 b5 15. O-O Nb6 16. Ne4 bxc4 17. Rc1 Nd5 18. Bg3 Ne3 19. Rf2 Nf5 
20. Bc7 Ra7 21. Rxc4 Rxc7 22. Rxb4 Rd8 23. Ra4 Ne3 24. Nc5 Rd5 25. b4 Rd4 
26. a3 e5 27. Ra5 Kd6 28. g3 Ra7 29. Bd3 Bf5 30. Re2 Bxd3 31. Rxe3 Bc4 
32. Ne4+ Ke7 33. h3 Rd5 34. Nc5 Ra8 35. Re4 Rd1+ 36. Kf2 Rf1+ 37. Ke3 Bd5 
38. Ke2 Rc1 39. Rh4 Kf7 40. Rxh7+ Kg6 41. Rh4 Rd8 42. Nb7 Rd7 43. Nc5 Rd8 
44. Nb7 Rd7 45. Nc5 Rd8 1/2-1/2

[Event "Wednesday Night Engine Tour 13 rd Swiss 3m+1s Starts at 2200hrs ST"]
[Site "Infinity Chess"]
[Date "2018.1.18"]
[Round "13"]
[White "miguello"]
[Black "BraveDevil"]
[Result "1/2-1/2 "]
[ECO "E10"]
[WhiteElo "2401"]
[BlackElo "2524"]
[WhiteEngine "stockfish_18011309_x64_modern_CTG"]
[BlackEngine "Cryptic AIL V1"]
[EventType "Swiss"]
[WhiteTeam ""]
[BlackTeam ""]
[PlyCount "329"]
[TimeControl "180+1"]

1. d4 Nf6 2. c4 e6 3. Nf3 d5 4. Nc3 Bb4 5. Bg5 c5 6. cxd5 Qxd5 7. Bxf6 gxf6 
8. e3 cxd4 9. exd4 Bxc3+ 10. bxc3 b6 11. Be2 Bb7 12. O-O O-O 13. c4 Qe4 
14. Re1 Nd7 15. a4 Rfd8 16. Qb3 Qg6 17. a5 f5 18. Nh4 Qf6 19. Qg3+ Kh8 
20. Bf3 Bxf3 21. Nxf3 Rac8 22. axb6 axb6 23. Qd6 Rxc4 24. Ra7 Nf8 25. Qxb6 Kg8 
26. h3 Rd7 27. Ra8 Kg7 28. Ne5 Rcxd4 29. Nxd7 Rxd7 30. Qb3 h5 31. Rd1 Rxd1+ 
32. Qxd1 h4 33. Qd2 e5 34. Qc3 Ng6 35. Kh2 Qg5 36. Ra4 Qf6 37. Qc5 Qg5 
38. Qc3 Qf6 39. Ra8 Qg5 40. Rb8 Qf4+ 41. Kg1 Qe4 42. Kh2 Qd5 43. Qb4 Qd3 
44. Qc5 Qd2 45. Rb4 Qe2 46. Rb5 Qd3 47. Rb7 Qe4 48. Rb8 Qf4+ 49. Kg1 Qe4 
50. Rd8 Qe1+ 51. Kh2 Qe4 52. Kg1 Qe1+ 53. Kh2 Qe4 54. Rb8 Qf4+ 55. Kg1 Qa4 
56. Qc3 Qe4 57. Rb5 Qe2 58. Rd5 Kf6 59. Qc5 Qe4 60. Rd7 Kg7 61. Qc7 Qb1+ 
62. Kh2 Qb3 63. Qc1 Qa4 64. Qc7 Qb3 65. Qc5 Qb2 66. Qe3 Qb5 67. Qd2 Qb6 
68. Qc2 Qf6 69. Ra7 Nf4 70. Qc5 Nd3 71. Qe3 Nf4 72. Ra5 Ng6 73. Qc3 Qg5 
74. Kh1 Qf6 75. Qc7 Qe6 76. Kh2 Qf6 77. Ra8 Kh7 78. Rb8 Nf4 79. Rb7 Kg7 
80. Rb6 Ne6 81. Qb8 e4 82. Rb4 Nc5 83. Rb6 Ne6 84. Rb5 Kg6 85. Rb4 Nc5 
86. Qg8+ Qg7 87. Rb6+ Ne6 88. Qxg7+ Kxg7 89. g3 hxg3+ 90. Kxg3 Kg6 91. f4 Kg7 
92. Rd6 Kg6 93. Kf2 Kh6 94. Ke3 Kh5 95. Rd5 Kg6 96. Ra5 Ng7 97. Ra7 Ne6 
98. Ra5 Ng7 99. Kf2 Ne6 100. Ra6 Kf6 101. Ke3 Kg7 102. Ra5 Kg6 103. Ra2 Kh5 
104. Ra4 Kh6 105. Rb4 Kg7 106. Rb5 Kg6 107. Rd5 Ng7 108. Rd4 Ne6 109. Rd5 Ng7 
110. Rd7 Kf6 111. Rd8 Kg6 112. Rd7 Ne6 113. Rd6 Kg7 114. Rd7 Kf6 115. Rd5 Kg6 
116. Rd6 Kh6 117. Rc6 Kh7 118. Rc8 Kg7 119. Rc6 Kh7 120. Rc1 Kg6 121. Ra1 Kh7 
122. Ra6 Kg7 123. Ra8 Kg6 124. Rg8+ Kh6 125. Ra8 Kg7 126. Ra6 Kg6 127. Ra3 Kh6 
128. Ra4 Kg7 129. Ra7 Kf6 130. Rd7 Kg6 131. Re7 Nc5 132. Re8 Ne6 133. Re7 Kf6 
134. Re8 Kg6 135. Rg8+ Kf6 136. Rc8 Kg6 137. Rc2 Kg7 138. Ra2 Kf6 139. Rf2 Nc7 
140. h4 Nd5+ 141. Kd4 Nc7 142. Rh2 Ne6+ 143. Ke3 Kg6 144. Rd2 Kh5 145. Rd7 Kg6 
146. Rd6 Kh5 147. Rd7 Kg6 148. Rd5 Ng7 149. Rd6+ Ne6 150. Rd5 Ng7 151. Rc5 Nh5 
152. Rc1 Kh6 153. Ra1 Kg6 154. Rb1 Kg7 155. Ra1 Kg6 156. Rb1 Kh6 157. Rb5 Kg6 
158. Rb2 Kg7 159. Rb5 Kg6 160. Rb2 Kg7 161. Rb8 Kh7 162. Rb7 Kg6 163. Rb6+ Kg7 
164. Rb1 Kh7 165. Rb3 1/2-1/2

[Event "Wednesday Night Engine Tour 13 rd Swiss 3m+1s Starts at 2200hrs ST"]
[Site "Infinity Chess"]
[Date "2018.1.18"]
[Round "13"]
[White "Vimtiroba"]
[Black "RonWeasley"]
[Result "1/2-1/2"]
[ECO "C02"]
[WhiteElo "2530"]
[BlackElo "2495"]
[WhiteEngine "SF@Infinity_CTG"]
[BlackEngine "BrainFish 130117_CTG"]
[EventType "Swiss"]
[WhiteTeam ""]
[BlackTeam ""]
[PlyCount "49"]
[TimeControl "180+1"]

1. e4 e6 2. d4 d5 3. e5 c5 4. c3 Nc6 5. Nf3 Qb6 6. a3 c4 7. Nbd2 Na5 8. Be2 Bd7 
9. O-O Ne7 10. Rb1 h6 11. Re1 Nf5 12. Qc2 Be7 13. h3 Qc7 14. Bd1 g5 15. g4 Ng7 
16. b3 cxb3 17. Nxb3 Nc4 18. Qa2 Ba4 19. Qe2 b6 20. Nbd2 Bxd1 21. Qxd1 Na5 
22. Nb3 Nc4 23. Nbd2 Na5 24. Nb3 Nc4 25. Nbd2 1/2-1/2

[Event "Wednesday Night Engine Tour 13 rd Swiss 3m+1s Starts at 2200hrs ST"]
[Site "Infinity Chess"]
[Date "2018.1.18"]
[Round "13"]
[White "Dovahkiin"]
[Black "Victorious"]
[Result "1/2-1/2"]
[ECO ""]
[WhiteElo "2447"]
[BlackElo "2551"]
[WhiteEngine "corchess_x64_modern_CTG"]
[BlackEngine "BugChess2.41_Release"]
[EventType "Swiss"]
[WhiteTeam ""]
[BlackTeam ""]
[PlyCount "110"]
[TimeControl "180+1"]

1. e3 Nf6 2. d3 c5 3. d4 g6 4. Nf3 Bg7 5. Be2 d5 6. O-O O-O 7. dxc5 Ne4 
8. Nc3 Bxc3 9. bxc3 Nxc3 10. Qe1 Nxe2+ 11. Qxe2 Qc7 12. c4 Qxc5 13. cxd5 Qxd5 
14. e4 Qh5 15. Rb1 b6 16. Qe3 Qc5 17. Qxc5 bxc5 18. Ba3 Na6 19. Rb5 Rd8 
20. h3 Be6 21. Ra5 Rd6 22. Bc1 Bc4 23. Re1 Nb4 24. Bf4 Re6 25. Rc1 Rxe4 
26. Be3 Nxa2 27. Ra1 Bd5 28. Bxc5 Nc3 29. Rxa7 Rxa7 30. Rxa7 Kf8 31. Kh2 f6 
32. Nd4 Bf7 33. f3 Re5 34. Bb4 Nd5 35. Bd2 Be8 36. Rb7 h5 37. h4 Ba4 38. Kg3 Ne3 
39. Bb4 Nc2 40. Nxc2 Bxc2 41. Kf4 Ba4 42. Ra7 Bc6 43. Rc7 Bb5 44. g4 hxg4 
45. fxg4 Ke8 46. Rc5 Rxc5 47. Bxc5 Be2 48. g5 Bd3 49. gxf6 exf6 50. h5 gxh5 
51. Bd6 Kf7 52. Bb4 Ke6 53. Kg3 Bc4 54. Bc3 Bd3 55. Kh4 Be2 1/2-1/2

[Event "Wednesday Night Engine Tour 13 rd Swiss 3m+1s Starts at 2200hrs ST"]
[Site "Infinity Chess"]
[Date "2018.1.18"]
[Round "13"]
[White "Thinker"]
[Black "Gilgamesch"]
[Result "1/2-1/2"]
[ECO "B53"]
[WhiteElo "2508"]
[BlackElo "2561"]
[WhiteEngine "BrainFish_180113_x64_modern_CTG"]
[BlackEngine "BrainFish_171005_x64_bmi2"]
[EventType "Swiss"]
[WhiteTeam ""]
[BlackTeam ""]
[PlyCount "171"]
[TimeControl "180+1"]

1. e4 c5 2. Nf3 d6 3. d4 Nf6 4. Nc3 cxd4 5. Nxd4 a6 6. Be3 e5 7. Nb3 Be6 
8. h3 Be7 9. f4 Nc6 10. f5 Bxb3 11. axb3 Nb4 12. g3 d5 13. exd5 Qc7 14. d6 Bxd6 
15. Nb5 Nxc2+ 16. Ke2 Qc6 17. Nxd6+ Ke7 18. Rc1 Nxe3 19. Rxc6 Nxd1 20. Nxb7 Rhb8 
21. Rc7+ Kf8 22. Bg2 Nxb2 23. Nd6 e4 24. Rhc1 Rd8 25. Nxf7 Rd3 26. Ng5 Rxg3 
27. Bxe4 Nxe4 28. Nxe4 Re8 29. Rc8 Rxb3 30. Rxe8+ Kxe8 31. Rc8+ Ke7 32. Rc7+ Ke8 
33. Rxg7 Nc4 34. Kf2 Rxh3 35. Ra7 Rb3 36. f6 Rb5 37. Rxa6 Ra5 38. Rc6 Ne5 
39. Rc7 Ng4+ 40. Kg3 Nxf6 41. Nxf6+ Kf8 42. Nxh7+ Ke8 43. Nf6+ Kf8 44. Nh7+ Ke8 
45. Nf6+ Kf8 46. Rc6 Rf5 47. Kg4 Rf1 48. Nd5 Rg1+ 49. Kf3 Kg7 50. Ra6 Rd1 
51. Ke4 Kf7 52. Rh6 Re1+ 53. Ne3 Re2 54. Kf4 Rf2+ 55. Ke5 Re2 56. Ke4 Re1 
57. Rc6 Re2 58. Rh6 Re1 59. Ra6 Rb1 60. Rc6 Ra1 61. Rd6 Ra2 62. Ng4 Ke7 
63. Rc6 Ra1 64. Kf5 Rf1+ 65. Ke4 Ra1 66. Nf6 Kf7 67. Nd5 Rb1 68. Ra6 Rc1 
69. Rd6 Rf1 70. Ke3 Re1+ 71. Kf3 Re5 72. Kg4 Kg7 73. Nf4 Kf7 74. Rh6 Rb5 
75. Kf3 Ke7 76. Ke3 Kd7 77. Nd3 Kc7 78. Kd4 Rg5 79. Nf4 Kb7 80. Ke4 Rg8 
81. Nd5 Rg2 82. Ne3 Rg8 83. Rd6 Ka7 84. Nc4 Rg4+ 85. Kd5 Rg5+ 86. Kd4 1/2-1/2

[Event "Wednesday Night Engine Tour 13 rd Swiss 3m+1s Starts at 2200hrs ST"]
[Site "Infinity Chess"]
[Date "2018.1.18"]
[Round "13"]
[White "avilllaa"]
[Black "marudam"]
[Result "1/2-1/2"]
[ECO "D44"]
[WhiteElo "2510"]
[BlackElo "2490"]
[WhiteEngine "Cryptic AIL V1"]
[BlackEngine "stockfish291217_CTG"]
[EventType "Swiss"]
[WhiteTeam ""]
[BlackTeam ""]
[PlyCount "77"]
[TimeControl "180+1"]

1. d4 d5 2. c4 e6 3. Nc3 Nf6 4. Nf3 c6 5. Bg5 h6 6. Bh4 dxc4 7. e4 g5 8. Bg3 b5 
9. Be2 Bb7 10. h4 g4 11. Ne5 Nbd7 12. Bxg4 Nxe5 13. Bxe5 Rg8 14. Bf3 Nd7 
15. Bg3 Qb6 16. O-O O-O-O 17. Kh1 Bg7 18. Bh5 Rgf8 19. a4 b4 20. Ne2 Qa5 
21. Bf3 Ne5 22. Bxe5 Bxe5 23. Qc1 Bxd4 24. Nxd4 Rxd4 25. Qxh6 Rg8 26. Qh7 Qd8 
27. Rfd1 Rh8 28. Rxd4 Qf8 29. Qxh8 Qxh8 30. e5 Qxe5 31. Rad1 Ba6 32. h5 c3 
33. bxc3 bxc3 34. Rd6 Bb7 35. Rd8+ Kc7 36. R8d7+ Kc8 37. Rd8+ Kc7 38. R8d7+ Kc8 
39. Rd8+ 1/2-1/2